 Dungeon Crawl Stone Soup version 0.20.0-15-g7f486f2 (webtiles) character file.

47569 Kosschaser the Blocker (level 14, -5/86 HPs)
             Began as a Gargoyle Fighter on June 10, 2017.
             Was the Champion of Okawaru.
             Slain by a naga warrior
             ... wielding a +0 long sword
              (18 damage)
             ... on level 1 of the Snake Pit.
             The game lasted 00:59:31 (20774 turns).

Kosschaser the Blocker (Gargoyle Fighter)          Turns: 20774, Time: 00:59:31

Health: -5/86      AC: 29    Str: 22    XL:     14   Next: 42%
Magic:  24/24      EV: 13    Int: 14    God:    Okawaru [******]
Gold:   879        SH: 17    Dex: 12    Spells: 23/26 levels left

rFire    + + .     SeeInvis .   L - +0 whip (elec)
rCold    x . .     Gourm    .   c - +0 shield
rNeg     + . .     Faith    .   R - +1 fire dragon scales
rPois    ∞         Spirit   .   y - +2 helmet
rElec    +         Reflect  +   v - scarf {cloud immunity}
rCorr    .         Harm     .   E - +2 pair of gloves
MR       ++...                  (no boots)
Stlth    ..........             K - +4 amulet of reflection
Regen    0.3/turn               A - +3 ring of dexterity
MPRegen  0.2/turn               k - +4 ring of intelligence

@: very slightly contaminated, slowed, studying Maces & Flails, very slow
A: big wings, clumsy 1, magic resistance 1, negative energy resistance 1,
screaming 1, electricity resistance, unbreathing, petrification resistance, rot
immunity, AC +9
a: Fly, Heroism, Finesse, Renounce Religion


You were on level 1 of the Snake Pit.
You worshipped Okawaru.
Okawaru was exalted by your worship.
You were hungry.

You visited 4 branches of the dungeon, and saw 19 of its levels.
You also visited: Bailey.

You collected 1523 gold pieces.
You spent 644 gold pieces at shops.

Inventory:

Hand Weapons
 L - a +0 whip of electrocution (weapon)
Armour
 c - a +0 shield (worn)
 v - a scarf of cloud immunity (worn)
 y - a +2 helmet (worn)
 E - a +2 pair of gloves (worn)
 R - +1 fire dragon scales (worn)
Jewellery
 k - a +4 ring of intelligence (right hand)
 A - a +3 ring of dexterity (left hand)
 K - a +4 amulet of reflection (around neck)
 O - an uncursed amulet of the gourmand
Wands
 g - a wand of confusion (23/48)
 F - a wand of paralysis (7/24)
 I - a wand of flame (18/48)
Scrolls
 i - 6 scrolls of recharging
 j - a scroll of enchant armour
 l - 7 scrolls of teleportation
 m - a scroll of magic mapping
 p - 2 scrolls of blinking
 q - a scroll of fog
 z - a scroll of amnesia
 B - 5 scrolls of remove curse
 C - 2 scrolls of fear {unknown}
 M - a scroll of holy word
Potions
 b - 2 potions of flight
 d - a potion of might
 e - 5 potions of haste
 n - 3 potions of agility
 o - 6 potions of brilliance
 s - 5 potions of lignification
 t - 5 potions of curing
 x - 2 potions of magic
 J - 6 potions of berserk rage
 N - 2 potions of mutation {unknown}
 P - 3 potions of heal wounds {unknown}
 Q - a potion of resistance {unknown}
Books
 D - a manual of Maces & Flails
 G - the Disquisition on Supportive Displacement
   (You found it in a bailey)

   Spells                             Type                      Level
   a - Portal Projectile              Hexes/Translocation          3
   b - Summon Lightning Spire         Summoning/Air                4
   c - Passage of Golubria            Translocation                4
   d - Disjunction                    Translocation                8
 H - a book of Conjurations

   Spells                             Type                      Level
   a - Magic Dart                     Conjuration                  1
   b - Searing Ray                    Conjuration                  2
   c - Dazzling Spray                 Conjuration/Hexes            3
   d - Fulminant Prism                Conjuration/Hexes            4
   e - Force Lance                    Conjuration/Translocation    4
   f - Iskenderun's Mystic Blast      Conjuration                  4
Comestibles
 f - 7 bread rations
 h - 26 fruits
 r - 22 royal jellies
 u - 8 meat rations


   Skills:
 + Level 9.4 Fighting
 + Level 13.3 Maces & Flails
 + Level 10.3 Armour
 * Level 6.7 Dodging
 - Level 1.0 Stealth
 + Level 14.3 Shields
 + Level 6.7 Spellcasting
 + Level 8.4 Conjurations
 + Level 1.6 Invocations


You had 23 spell levels left.
You knew the following spells:

 Your Spells              Type           Power        Failure   Level  Hunger
a - Magic Dart            Conj           ####         1%          1    None
b - Searing Ray           Conj           ####..       1%          2    #......


Dungeon Overview and Level Annotations

Branches:
Dungeon (11/15)            Temple (1/1) D:7            Lair (6/6) D:10
 Shoals (0/4) Lair:2        Snake (1/4) Lair:3        Slime (0/5) Lair:6
    Orc (0/2) D:9

Altars:
Ashenzari
Cheibriados
Dithmenos
Elyvilon
Fedhas
Gozag
Hepliaklqana
Kikubaaqudgha
Nemelex Xobeh
Okawaru
Qazlal
Ru
Sif Muna
Uskayaw
Xom
Yredelemnul
Zin
The Shining One
Beogh

Shops:
D:5 *   D:8 *


Innate Abilities, Weirdness & Mutations

You are resistant to torment.
Your stone body is resilient. (AC +9)
You are immune to poison.
Your large and strong wings let you fly indefinitely.
You resist negative energy. (rN+)
You are resistant to electric shocks. (rElec)
You can survive without breathing.
You are immune to petrification.
You are immune to rotting.
You are clumsy. (Dex -2)
You are resistant to hostile enchantments. (MR+)
You occasionally shout uncontrollably at your foes.


Message History

The splash of poison reflects off an invisible shield around you!
The splash of poison hits the naga warrior.
* * * LOW HITPOINT WARNING * * *
The naga warrior constricts you. The guardian serpent hits you!
* * * LOW HITPOINT WARNING * * *
The salamander hits you but does no damage.
Blink to where?
Press: ? - help, Dir - move target cursor You escape the naga warrior's grasp.
You are very lightly contaminated with residual magic.
As you read the scroll of blinking, it crumbles to dust.
The naga mage points at you and mumbles some strange words.
The bolt of poison misses you.
The guardian serpent hits you but does no damage.
You feel like a meek peon again.
You block the guardian serpent's attack.
The guardian serpent gestures with its tail.
The naga warrior blinks!
The salamander blinks!
The salamander misses you.
The naga warrior hits you with a long sword!!
You die...

N. N# ##### .........#
###.# #...#### ........#
##.N# ##......##
.........
#N.S###........##
........
##.N.#.#.........##
......
#....#.#..........###...#
##....#..............#..#
#.....#..§S.@......^..<#
#....#§#...N.N.......###
#......#..............#
##...####...........##.#
####.# ####......### ##
### ########


You could see a naga warrior, a salamander and a guardian serpent.

Vanquished Creatures
  A dire elephant (Lair:6)
  Fannar (Lair:2)
  5 hydras
  The ghost of hexaflexagon the Destroyer, a novice OgFE of Sif Muna (Bailey)
  A catoblepas (Lair:6)
  13 death yaks
  2 two-headed ogres
  A deep troll shaman (Lair:6)
  A manticore (Lair:2)
  An oklob plant (Lair:1)
  3 ugly things
  16 elephants
  A centaur zombie (D:10)
  9 spiny frogs
  2 rime drakes
  4 komodo dragons
  A troll (D:9)
  2 polar bears (Lair:6)
  A queen bee (D:9)
  Grinder (D:5)
  5 dream sheep (Lair:6)
  12 blink frogs
  8 hippogriffs
  Sigmund (D:2)
  2 wyverns
  11 yaks
  3 basilisks
  A hungry ghost (D:9)
  Duvessa (D:6)
  10 orc warriors
  16 water moccasins
  9 porcupines
  An eye of draining (Lair:6)
  5 phantoms
  An ice beast (D:6)
  A necrophage (D:8)
  2 sky beasts
  11 wolves
  6 centaurs
  4 ogres
  12 crocodiles
  6 big kobolds
  9 bullfrogs
  Dowan (D:6)
  2 scorpions (D:10)
  36 killer bees
  An electric eel (Lair:3)
  4 howler monkeys
  A quasit (D:10)
  7 crimson imps
  3 jellies
  7 orc priests
  A bullfrog skeleton (D:10)
  8 hounds
  6 orc wizards
  Jessica (D:2)
  Terence (D:2)
  2 iguanas
  6 worker ants
  Robin (D:3)
  3 gnolls (D:8)
  9 adders
  A shadow imp (D:5)
  An ooze (D:2)
  An adder zombie (D:5)
  An adder skeleton (D:4)
  A worm (D:2)
  3 dart slugs
  8 leopard geckos
  50 orcs
  A ball python (D:3)
  2 bats
  6 giant cockroaches
  15 goblins
  6 hobgoblins
  11 jackals
  35 kobolds
  2 quokkas
  6 frilled lizards
  A leopard gecko zombie (D:8)
  A quokka skeleton (D:4)
  2 rats
  A bush (D:6)
  A fungus (Lair:6)
  2 plants
462 creatures vanquished.

Vanquished Creatures (others)
  2 centaurs (Lair:2)
  A bush (Lair:6)
  5 fungi
  10 plants
18 creatures vanquished.

Grand Total: 480 creatures vanquished

Notes
Turn   | Place    | Note
-------+----------+-------------------------------------------
     0 | D:1      | Kosschaser the Gargoyle Fighter began the quest for the Orb.
     0 | D:1      | Reached XP level 1. HP: 14/14 MP: 1/1
    68 | D:1      | Reached XP level 2. HP: 16/19 MP: 2/2
   681 | D:2      | Noticed Sigmund
   879 | D:1      | Reached XP level 3. HP: 22/23 MP: 3/3
  1118 | D:2      | Reached skill level 4 in Shields
  1153 | D:2      | Found a sparkling altar of Nemelex Xobeh.
  1158 | D:2      | Noticed Terence
  1174 | D:2      | Killed Terence
  1174 | D:2      | Reached XP level 4. HP: 22/28 MP: 4/4
  1217 | D:2      | Killed Sigmund
  1217 | D:2      | Reached XP level 5. HP: 8/33 MP: 5/5
  1217 | D:2      | Reached XP level 6. HP: 9/38 MP: 6/6
  1454 | D:2      | Noticed Jessica
  1459 | D:2      | Killed Jessica
  2092 | D:3      | Reached skill level 5 in Shields
  2169 | D:2      | Reached skill level 5 in Armour
  2438 | D:3      | Reached skill level 1 in Dodging
  2664 | D:3      | Reached XP level 7. HP: 37/43 MP: 7/7
  2711 | D:3      | Found a snail-covered altar of Cheibriados.
  3016 | D:3      | Reached skill level 1 in Stealth
  3055 | D:3      | Noticed a hippogriff
  3367 | D:3      | Noticed Robin
  3385 | D:3      | Killed Robin
  3821 | D:4      | Reached skill level 5 in Maces & Flails
  3893 | D:4      | Reached XP level 8. HP: 6/48 MP: 8/8
  4307 | D:4      | Reached skill level 6 in Shields
  4441 | D:5      | Entered Level 5 of the Dungeon
  4916 | D:5      | Noticed Grinder
  4925 | D:5      | Paralysed by Grinder for 4 turns
  4938 | D:5      | Paralysed by Grinder for 7 turns
  5138 | D:5      | Killed Grinder
  5413 | D:5      | Found Zin's Purification Station.
  5421 | D:5      | Found a glowing silver altar of Zin.
  5564 | D:6      | Found a shimmering altar of Xom.
  5568 | D:6      | Reached skill level 5 in Fighting
  5585 | D:6      | Gained mutation: You are resistant to hostile enchantments. (MR+) [mutagenic meat]
  5666 | D:6      | Found a hide-covered altar of Uskayaw.
  5705 | D:6      | Found a stormy altar of Qazlal.
  5766 | D:6      | Noticed Duvessa
  5769 | D:6      | Noticed Dowan
  5781 | D:6      | Killed Duvessa
  5781 | D:6      | Reached skill level 7 in Shields
  5781 | D:6      | Reached XP level 9. HP: 37/54 MP: 9/9
  5788 | D:6      | Killed Dowan
  6048 | D:6      | Found a hazy altar of Hepliaklqana.
  6400 | D:6      | Found a glowing golden altar of the Shining One.
  6647 | D:7      | Found a shattered altar of Ashenzari.
  6678 | D:7      | Reached skill level 8 in Shields
  6790 | D:7      | Learned a level 1 spell: Magic Dart
  7191 | D:7      | Found a staircase to the Ecumenical Temple.
  7198 | Temple   | Entered the Ecumenical Temple
  7348 | Temple   | Became a worshipper of Warmaster Okawaru
  7443 | D:7      | You fall through a shaft!
  7478 | D:8      | Found a flagged portal.
  7483 | Bailey   | Entered a bailey
  7487 | Bailey   | Noticed hexaflexagon's ghost (novice OgFE)
  7516 | Bailey   | Killed hexaflexagon's ghost
  7516 | Bailey   | Reached * piety under Okawaru
  7516 | Bailey   | Reached skill level 1 in Spellcasting
  7516 | Bailey   | Reached XP level 10. HP: 22/60 MP: 9/12
  7845 | Bailey   | Found a bloodstained altar of Trog.
  7858 | Bailey   | Identified the Disquisition on Supportive Displacement
  7885 | D:8      | Noticed a two-headed ogre
  8569 | D:8      | Reached skill level 9 in Shields
  9026 | D:8      | Reached ** piety under Okawaru
  9052 | D:8      | Learned a level 2 spell: Searing Ray
  9275 | D:8      | Found Fecolit's Assorted Antiques.
  9280 | D:8      | Bought a shiny plate armour for 598 gold pieces
  9280 | D:8      | Bought a scroll of identify for 46 gold pieces
  9440 | D:8      | Killed a two-headed ogre
  9918 | D:9      | Reached *** piety under Okawaru
 10008 | D:9      | Identified the Tome of Malediction
 10619 | D:9      | Reached XP level 11. HP: 41/66 MP: 16/16
 11006 | D:9      | Found a roughly hewn altar of Beogh.
 11006 | D:9      | Found a staircase to the Orcish Mines.
 11193 | D:9      | Reached skill level 10 in Maces & Flails
 11276 | D:9      | Reached skill level 10 in Shields
 11301 | D:9      | Reached **** piety under Okawaru
 11443 | D:10     | Entered Level 10 of the Dungeon
 11614 | D:10     | Noticed a two-headed ogre
 11623 | D:10     | Killed a two-headed ogre
 11803 | D:10     | Found a staircase to the Lair.
 12063 | D:11     | Noticed a purple ugly thing
 12069 | D:11     | Noticed a red ugly thing
 12089 | D:10     | Killed a purple ugly thing
 12089 | D:10     | Reached skill level 5 in Conjurations
 12093 | D:10     | Gained mutation: You are clumsy. (Dex -2) [mutagenic meat]
 12094 | D:10     | Gained mutation: You occasionally shout uncontrollably at your foes. [mutagenic meat]
 12232 | D:11     | Killed a red ugly thing
 12232 | D:11     | Reached ***** piety under Okawaru
 12232 | D:11     | Reached skill level 1 in Invocations
 12238 | D:11     | Noticed a cyan ugly thing
 12278 | D:11     | Killed a cyan ugly thing
 12575 | D:11     | Noticed a red ugly thing
 12586 | D:11     | Noticed a cyclops
 12885 | Lair:1   | Entered Level 1 of the Lair of Beasts
 12917 | Lair:1   | Noticed an oklob plant
 12943 | Lair:1   | Killed an oklob plant
 12945 | Lair:1   | Got an ancient great mace
 13136 | Lair:1   | Identified the cursed +0 great mace "Ywo Lock" {vamp, rElec rN+ Int-5 Dex+4} (You found it on level 1 of the Lair of Beasts)
 13252 | Lair:1   | Received a gift from Okawaru
 13545 | Lair:1   | Noticed a six-headed hydra
 13555 | Lair:1   | Killed a six-headed hydra
 13555 | Lair:1   | Reached skill level 5 in Spellcasting
 13555 | Lair:1   | Reached XP level 12. HP: 60/72 MP: 10/19
 14154 | Lair:2   | Noticed Fannar
 14189 | Lair:2   | Killed Fannar
 14491 | Lair:2   | Reached skill level 11 in Shields
 14907 | Lair:2   | Found a staircase to the Shoals.
 15535 | Lair:3   | Noticed a death yak
 15551 | Lair:3   | Killed a death yak
 15555 | Lair:3   | Found a staircase to the Snake Pit.
 15557 | Lair:3   | Noticed a death yak
 15558 | Lair:3   | Noticed a death yak
 15558 | Lair:3   | Noticed a death yak
 15561 | Lair:3   | Noticed a death yak
 15578 | Lair:3   | Killed a death yak
 15594 | Lair:3   | Killed a death yak
 15604 | Lair:3   | Killed a death yak
 15627 | Lair:3   | Killed a death yak
 15674 | Lair:3   | Reached skill level 12 in Shields
 15763 | Lair:3   | Noticed an eight-headed hydra
 15777 | Lair:3   | Killed an eight-headed hydra
 15777 | Lair:3   | Reached XP level 13. HP: 35/78 MP: 19/22
 16958 | Lair:4   | Received a gift from Okawaru
 17919 | Lair:5   | Reached skill level 5 in Dodging
 18600 | Lair:6   | Entered Level 6 of the Lair of Beasts
 18624 | Lair:6   | Reached skill level 13 in Shields
 19284 | Lair:6   | Found a staircase to the Slime Pits.
 19314 | Lair:6   | Reached ****** piety under Okawaru
 19384 | Lair:6   | Received a gift from Okawaru
 19396 | Lair:6   | Reached skill level 10 in Armour
 19455 | Lair:6   | Gained mutation: Your large and strong wings let you fly indefinitely. [Gargoyle growth]
 19455 | Lair:6   | Reached XP level 14. HP: 76/86 MP: 24/24
 19834 | Lair:6   | Reached skill level 14 in Shields
 19946 | Lair:6   | Received a gift from Okawaru
 20239 | Lair:6   | Noticed a dire elephant
 20267 | Lair:6   | Killed a dire elephant
 20708 | Snake:1  | Entered Level 1 of the Snake Pit
 20774 | Snake:1  | Slain by a naga warrior

Skill      XL: |  1  2  3  4  5  6  7  8  9 10 11 12 13 14 |
---------------+-------------------------------------------+-----
Shields        | 4 5 7 8 9 10 12 13 14 | 14.3
Fighting       | 4 5 6 7 8 9 |  9.4
Maces & Flails | 3 4 5 6 8 9 11 12 13 | 13.3
Armour         | 4 5 6 7 8 10 | 10.3
Dodging        | 1 2 3 4 6 |  6.7
Stealth        | 1 |  1.0
Spellcasting   | 1 3 5 6 |  6.7
Conjurations   | 2 4 6 7 8 |  8.4
Invocations    | 1 |  1.6

Action                   |  1- 3 |  4- 6 |  7- 9 | 10-12 | 13-15 || total
-------------------------+-------+-------+-------+-------+-------++-------
Melee: Flail             |    99 |   137 |   713 |   303 |       ||  1252
       Whip              |       |       |       |   962 |   959 ||  1921
       Great mace        |       |       |       |    59 |       ||    59
 Cast: Magic Dart        |       |       |       |    29 |    10 ||    39
       Searing Ray       |       |       |       |     3 |     1 ||     4
Invok: Heroism           |       |       |       |    11 |    12 ||    23
       Finesse           |       |       |       |     1 |       ||     1
  Use: Scroll            |       |     8 |     6 |     9 |     3 ||    26
       Potion            |       |       |     2 |       |     1 ||     3
  Eat: Chunk             |     1 |     5 |    17 |    32 |    14 ||    69
       Royal jelly       |       |       |       |     1 |     1 ||     2
       Bread ration      |       |       |       |     1 |       ||     1
Armor: Scale mail        |    63 |    25 |       |       |       ||    88
       Leather armour    |       |    42 |    80 |       |       ||   122
       Ring mail         |       |       |   187 |   123 |       ||   310
       Skin              |       |       |     8 |     1 |       ||     9
       Plate armour      |       |       |       |   412 |   378 ||   790
       Fire dragon scale |       |       |       |       |    19 ||    19
Dodge: Dodged            |    28 |    44 |   262 |   340 |   182 ||   856
Block: Shield            |    63 |    75 |   406 |   649 |   652 ||  1845
       Reflection        |       |       |       |    14 |     4 ||    18
